 Dungeon Crawl Stone Soup version 0.14-a0-1474-g1105da3 (webtiles) character file.

127 Malachi the Exhumer (level 3, 0/33 HPs)
             Began as a Naga Death Knight on Dec 14, 2013.
             Was a Follower of Yredelemnul.
             Slain by Sigmund
             ... wielding a +5,+4 scythe of flaming
              (1 damage)
             ... on Level 2 of the Dungeon.
             The game lasted 00:03:01 (1634 turns).

Malachi the Exhumer (Naga Death Knight)             Turns: 1634, Time: 00:03:02

HP   0/33        AC  5     Str 16      XL: 3   Next: 87%
MP   5/5         EV  4     Int 11      God: Yredelemnul [*.....]
Gold 74          SH  0     Dex 10      Spells:  0 memorised,  2 levels left

rFire  . . .     SeeInvis +     d - +3,+2 elf dagger (venom)
rCold  . . .     Clarity  .     v - +0 orc chain mail
rNeg   . . .     Conserve .     (no shield)
rPois  +         rCorr    .     (no helmet)
rElec  .         rRot     .     (no cloak)
SustAb . .       Spirit   .     (no gloves)
rMut   .         Warding  .     (no barding)
Saprov . . .     Stasis   .     (no amulet)
                                (no ring)
                                (no ring)

@: short of breath, very slow, slightly resistant to hostile enchantments,
extremely unstealthy
A: spit poison, see invisible, deformed body, poison resistance, slowness 2, AC
+1
a: Spit Poison, Animate Remains, Renounce Religion


You were on level 2 of the Dungeon.
You worshipped Yredelemnul.
Yredelemnul was aware of your devotion.
You were not hungry.

You visited 1 branch of the dungeon, and saw 2 of its levels.

You collected 74 gold pieces.

Inventory:

Hand weapons
 a - a +1,+1 hand axe
 d - a +3,+2 elven dagger of venom (weapon)
Missiles
 b - 4 needles of sleeping
 l - a throwing net (quivered)
Armour
 q - a +0 plate armour
 v - a +0 orcish chain mail (worn)
Comestibles
 c - 3 bread rations
 f - 3 rotting chunks of hobgoblin flesh
 s - a meat ration
Scrolls
 i - a scroll of immolation
 r - a scroll of remove curse {unknown}
 t - 2 scrolls of fog {unknown}
 u - a scroll of magic mapping {unknown}
Jewellery
 e - an uncursed ring of flight {unknown}
Potions
 n - 2 potions of curing {unknown}
 o - a potion of agility {unknown}
 p - 2 potions of resistance {unknown}


   Skills:
 + Level 2.4 Fighting
 + Level 2.4 Axes
 + Level 1.7 Armour
 + Level 1.0 Dodging
 + Level 3.5 Invocations


You had 2 spell levels left.
You didn't know any spells.

Dungeon Overview and Level Annotations

Branches:
Dungeon (2/16)

Altars:
Cheibriados

Annotations:
D:2 Sigmund


Innate Abilities, Weirdness & Mutations

You cannot wear boots.
You can spit poison.
Your serpentine skin is tough (AC +1).
You have supernaturally acute eyesight.
Armour fits poorly on your strangely shaped body.
Your system is resistant to poisons.
You cover ground very slowly.


Message History

Press: ? - help, Shift-Dir - straight line, f - Sigmund
Aim: Sigmund, wielding a glowing scythe and wearing a robe (slightly transparent)
The splash of poison hits Sigmund.
Sigmund is poisoned.
Sigmund is lightly wounded.
You feel slightly more hungry.
Sigmund says, "Don't worry, I'll kill you fast."
Sigmund hits you from afar with a glowing scythe!
Sigmund burns you.
Sigmund hits you with a scythe of flaming!
* * * LOW HITPOINT WARNING * * *
Sigmund burns you.
* * * LOW HITPOINT WARNING * * *
You are too injured to fight recklessly!
You hit Sigmund.
Sigmund looks even sicker.
Sigmund is moderately wounded.
Sigmund hits you with a scythe of flaming.
* * * LOW HITPOINT WARNING * * *
Sigmund burns you.
You die...
Your body rises from the dead as a mindless zombie.

......##.##.......#
...#####.##.......#
...#####.##.......#
##..............>.#
#.................##
............(......#
.........#.........#
.......#.#.........#
.....#. ........@..#
..#### .#......@...#
.<...# #...?......#
.#.#.# #..........#
...# # #..........#
..## ..........# ..#
#...###### ... ...
##.#


You could see Sigmund (invisible).

Vanquished Creatures
  An adder (D:2)
  An inept feature mimic (D:2)
  A giant mite (D:2)
  A giant gecko (D:2)
  A ball python (D:1)
  4 bats
  2 hobgoblins
  3 jackals (D:2)
  A giant newt (D:1)
  6 goblins
  4 kobolds
  4 rats
29 creatures vanquished.

Notes
Turn   | Place    | Note
--------------------------------------------------------------
     0 | D:1      | Malachi, the Naga Death Knight, began the quest for the Orb.
     0 | D:1      | Reached XP level 1. HP: 19/19 MP: 2/2
   327 | D:1      | Reached skill level 1 in Dodging
   505 | D:1      | Reached XP level 2. HP: 21/26 MP: 3/3
  1211 | D:2      | Found a snail-covered altar of Cheibriados.
  1263 | D:2      | Reached skill level 1 in Armour
  1263 | D:2      | Reached XP level 3. HP: 25/33 MP: 3/5
  1629 | D:2      | Noticed Sigmund
  1634 | D:2      | HP: 1/33 [Sigmund/scythe of flaming (2)]
  1634 | D:2      | Slain by Sigmund

Action                   || total
-------------------------++-------
Melee: Dagger            ||    82
       Hand axe          ||     9
 Abil: Spit Poison       ||     1
  Use: Scroll            ||     8
